 Dungeon Crawl Stone Soup version 0.17-a0-1596-g1e86911 (webtiles) character file.

25 wvc the Charlatan (level 2, 0/14 HPs)
             Began as a Spriggan Artificer on July 31, 2015.
             Slain by a goblin
             ... wielding a +0 dagger
              (2 damage)
             ... on level 1 of the Dungeon.
             The game lasted 00:03:10 (1116 turns).

wvc the Charlatan (Spriggan Artificer)              Turns: 1116, Time: 00:03:10

Health: 0/14       AC:  2    Str:  7    XL:     2   Next: 86%
Magic:  6/6        EV: 18    Int: 13    God:
Gold:   28         SH:  0    Dex: 16    Spells: 0 memorised, 1 level left

rFire  . . .     SeeInvis +     a - +0 short sword
rCold  . . .     Clarity  .     b - +0 robe
rNeg   . . .     SustAt   .     (shield restricted)
rPois  .         Gourm    .     (helmet restricted)
rElec  .         Spirit   .     (no cloak)
rCorr  .         Warding  .     (gloves unavailable)
rMut   .         Stasis   .     (boots unavailable)
MR     .....                    (no amulet)
Stlth  ++........               (no ring)
                                (no ring)

@: very quick, not resistant to hostile enchantments, unstealthy
A: unfitting armour, see invisible, herbivore 3, speed 3, slow metabolism 2
a: no special abilities


You were on level 1 of the Dungeon.
You were not hungry.

You visited 1 branch of the dungeon, and saw 1 of its levels.

You collected 28 gold pieces.

Inventory:

Hand weapons
 a - a +0 short sword (weapon)
Armour
 b - a +0 robe (worn)
Magical devices
 c - a wand of flame (8)
 d - a wand of enslavement (13)
 e - a wand of random effects (10)
Scrolls
 i - a scroll of identify {unknown}
 j - a scroll of enchant weapon {unknown}
Potions
 g - 2 potions of curing {unknown}
 h - a potion of brilliance {unknown}
 k - 2 potions of degeneration {unknown}
Comestibles
 f - a bread ration


   Skills:
 - Level 0.7 Fighting
 * Level 2.9 Short Blades
 - Level 3.0 Dodging
 + Level 2.3 Stealth
 - Level 4.0 Evocations


You had one spell level left.
You didn't know any spells.

Dungeon Overview and Level Annotations

Branches:
Dungeon (1/15)

Altars:


Innate Abilities, Weirdness & Mutations

You are tiny and cannot use many weapons and most armour.
You have supernaturally acute eyesight.
You are a herbivore.
You cover ground extremely quickly.
You need consume almost no food.


Message History

Items here: $ ) ? † a hand axe; a scroll labeled CASOPPU ZECSO; 17 gold pieces; a hobgoblin corpse An ooze is nearby!
You see here a hobgoblin corpse.
You start resting.
A goblin comes into view. It is wielding a dagger.
A goblin is nearby!
You hit the goblin.
The goblin is moderately wounded.
The goblin barely misses you.
You hit the goblin.
The goblin is severely wounded.
The goblin closely misses you.
You miss the goblin.
The goblin is severely wounded.
The goblin completely misses you.
You closely miss the goblin.
The goblin is severely wounded.
The goblin hits you with a dagger.
You die...

...........###...#.#...###.......
####.###..#..#..#...#..#..#..####
.........#...###.....###...#.....
............#..#.....#..#....####
####.......#...#.....#)..#.......
#####......#.#...#.#......##..
#.....#...#.#...#.....##.. #####
#........)............#### ....#
###......@g.#.######..#### ....#
######..###.# #........ ....#
#..# #.# #........ ....# ##.###.
#........ ....# #..##. #........
##### ##.# #........ #.##
#........ #.)# ##'##.....
##################.# ##...##....


You could see a goblin.

Vanquished Creatures
  A giant gecko (D:1)
  2 ball pythons (D:1)
  3 bats (D:1)
  2 giant cockroaches (D:1)
  3 hobgoblins (D:1)
  A jackal (D:1)
  5 giant newts (D:1)
  2 goblins (D:1)
  2 kobolds (D:1)
  4 rats (D:1)
25 creatures vanquished.

Vanquished Creatures (others)
  A rat (D:1)
1 creature vanquished.

Grand Total: 26 creatures vanquished

Notes
Turn   | Place    | Note
--------------------------------------------------------------
     0 | D:1      | wvc the Spriggan Artificer began the quest for the Orb.
     0 | D:1      | Reached XP level 1. HP: 9/9 MP: 4/4
    10 | D:1      | Noticed an electric eel
   364 | D:1      | Reached XP level 2. HP: 3/14 MP: 6/6
  1116 | D:1      | Slain by a goblin

Vault maps used:
D:1:      arrival_aquarium_a, columned_hall_lemuel, minmay_splitting_lines,
          dk_noncrumbling_3

Action                   || total
-------------------------++-------
Melee: Short sword       ||    89
Evoke: Wand              ||    14
 Stab: Distracted        ||     1
       Paralysed         ||     1
